 Dungeon Crawl Stone Soup version 0.31-a0-1008-g5b978dac0e (webtiles) character file.

Game seed: 315311346898842927

3263 night the Summoner (level 10, 0/61 HPs)
             Began as a Tengu Summoner on Nov 12, 2023.
             Was a Priest of Makhleb.
             Engulfed by their own flame (18 damage)
             ... in a bailey.
             The game lasted 00:28:31 (6977 turns).

night the Summoner (Tengu Summoner)                 Turns: 6977, Time: 00:28:32

Health: 0/61       AC:  2    Str: 10    XL:     10   Next: 0%
Magic:  19/20      EV: 34    Int: 20    God:    Makhleb [***...]
Gold:   243        SH:  8    Dex: 16    Spells: 8/21 levels left

rFire   . . .        x - +1 trident (protect)
rCold   . . .        j - +3 buckler of Birdsong {rCorr Int+3 Stlth-}
rNeg    . . .        a - +0 robe
rPois   .            (helmet restricted)
rElec   .            (no cloak)
rCorr   +            (no gloves)
SInv    .            (boots unavailable)
Will    .....        d - amulet of magic regeneration
Stlth   +            t - ring of resist corrosion
HPRegen 0.30/turn    (no ring)
MPRegen 0.57/turn

%: acrobat
@: acrobatic, flying
A: beak, talons 3, evasive flight, acrobatic
a: Renounce Religion, Minor Destruction, Lesser Servant of Makhleb


You were in a bailey.
You worshipped Makhleb.
Makhleb was most pleased with you.
You visited 2 branches of the dungeon, and saw 10 of its levels.
You also visited: Bailey.

You collected 412 gold pieces.
You spent 169 gold pieces at shops.

Inventory:

Hand Weapons
 f - a +0 dagger of venom
 h - a +0 trident
 m - a +3 falchion
 q - a +0 spear
 x - a +1 trident of protection (weapon)
Missiles
 c - 20 boomerangs
 g - 59 stones
 w - 31 poisoned darts
Armour
 a - a +0 robe (worn)
 j - the +3 buckler of Birdsong (worn) {rCorr Int+3 Stlth-}
   (You acquired it on level 3 of the Dungeon)

   Int+3:     It affects your intelligence (+3).
   rCorr:     It protects you from acid and corrosion.
   Stlth-:    It makes you less stealthy.
Jewellery
 d - an amulet of magic regeneration (around neck)
 n - an amulet of regeneration
 t - a ring of resist corrosion (left hand)
Wands
 o - a wand of charming (17)
 y - a wand of roots (3)
 A - a wand of mindburst (16)
Scrolls
 l - a scroll of noise
 p - 2 scrolls of fog
 u - a scroll of blinking
 v - 5 scrolls of teleportation
 C - a scroll of silence
 D - a scroll of amnesia
Potions
 b - a potion of magic
 e - a potion of curing
 i - a potion of brilliance {unknown}
 k - a potion of attraction {unknown}
 s - a potion of enlightenment {unknown}
 z - a potion of lignification {unknown}
 B - a potion of cancellation {unknown}
 E - 2 potions of mutation {unknown}
 F - a potion of invisibility {unknown}


   Skills:
 + Level 6.4 Fighting
 + Level 2.6 Polearms
 + Level 7.4 Dodging
 - Level 2.0 Stealth
 + Level 2.3 Shields
 + Level 6.3 Spellcasting
 - Level 1.0 Hexes
 + Level 8.7 Summonings
 - Level 2.0 Air Magic
 + Level 1.1 Invocations


You had 8 spell levels left.
You knew the following spells:

 Your Spells              Type           Power      Damage    Failure   Level
a - Summon Small Mammal   Summ           100%       N/A       1%          1
b - Call Imp              Summ           82%        N/A       1%          2
c - Call Canine Familiar  Summ           41%        N/A       1%          3
d - Summon Guardian Gole  Hex/Summ       25%        N/A       6%          3
e - Summon Lightning Spi  Summ/Air       27%        N/A       16%         4

Your spell library contained the following spells:

 Spells                   Type           Power      Damage    Failure   Level
 Magic Dart               Conj           24%        1d4       16%         1
 Sandblast                Erth           12%        2d6       16%         1
 Passwall                 Tmut/Erth      5%         N/A       22%         2
 Mephitic Cloud           Conj/Pois/Air  8%         N/A       34%         3
 Stone Arrow              Conj/Erth      12%        3d7       41%         3
 Brom's Barrelling Bould  Conj/Erth      6%         2d3       83%         4


Dungeon Overview and Level Annotations

Branches:
Dungeon (9/15)             Temple (1/1) D:7          Bailey (1/1)
   Lair: D:8-11         Orc: D:9-12

Altars:
Ashenzari
Cheibriados
Elyvilon
Gozag
Hepliaklqana
Kikubaaqudgha
Makhleb
Nemelex Xobeh
Okawaru
Qazlal
Ru
Trog
Yredelemnul
Zin

Shops:
D:3 (   D:4 (


Innate Abilities, Weirdness & Mutations

You have a beak for a mouth.
You have claws for feet.
Your magical flight helps you evade attacks. (EV +4)
You can magically evade attacks while moving or waiting.


Message History

The hound bites your guardian golem but does no damage. x2
The hound bites your guardian golem.
The gnoll throws a throwing net.
The throwing net hits your guardian golem.
Your guardian golem is caught in the net!
Your guardian golem overheats!
Your guardian golem struggles against the net.
The hound bites your guardian golem but does no damage. x2
The gnoll hits your guardian golem with a +0 trident!
Flame seeps out of your guardian golem.
Your guardian golem is engulfed in blazing flames.
Flame seeps out of your guardian golem.
Your guardian golem struggles against the net.
The hound bites your guardian golem but does no damage.
The hound bites your guardian golem. Flame seeps out of your guardian golem.
The hound bites your guardian golem but does no damage. x2
The gnoll hits your guardian golem with a +0 trident.
Your guardian golem disappears in a puff of smoke!
Your guardian golem explodes!
The tree burns like a torch!
The fiery explosion engulfs your wolf!!!
The fiery explosion engulfs the hound!
The hound dies!
Makhleb accepts your kill.
The fiery explosion engulfs the hound!!!
The hound dies!
Makhleb accepts your kill.
The fiery explosion engulfs the gnoll!!
The gnoll dies!
Makhleb accepts your kill.
The gnoll throws a throwing net.
The throwing net barely misses your wolf.
You block the throwing net.
You hear a shout!
You have reached level 10!
Your wolf is engulfed in blazing flames.
Your wolf dies!
Your wolf's corpse disappears in a puff of smoke!
The forest fire spreads!
You are engulfed in blazing flames.
You die...

.≈..# .≈..#
..≈..#
..≈..#
♣..≈..#
♣♣§...≈..#
#♣§§§......+
#@§(§......+
#♣§§g......+
♣♣♣...≈..#
...≈..#
...≈..#
♣..≈..#
♣.≈..# .≈..#


You could see a gnoll.

Vanquished Creatures
  A shadow (D:9)
  A centaur (D:9)
  A phantom (D:6)
  2 bullfrogs
  A wight (D:9)
  A howler monkey (D:7)
  3 hounds
  A jelly (D:6)
  An iguana (D:7)
  3 orc wizards
  4 adders
  3 dart slugs
  20 orcs
  2 endoplasms
  5 giant cockroaches (D:6)
  7 goblins
  5 hobgoblins
  2 jackals (D:1)
  3 kobolds
  5 quokkas
  3 ball pythons
  3 bats (D:1)
  A frilled lizard (D:3)
  A rat (D:3)
  A spectral orc (D:5)
80 creatures vanquished.

Vanquished Creatures (collateral kills)
  A water moccasin (D:5)
  An ice beast (D:8)
  3 black bears
  An ogre (D:5)
  A phantom (D:5)
  A kobold brigand (D:8)
  Blork the orc (D:4)
  2 scorpions
  3 hounds
  2 jellies
  8 orc priests
  A sleepcap (D:5)
  5 iguanas
  Ijyb (D:4)
  6 orc wizards
  A nameless horror (D:2)
  5 adders
  A shadow imp (D:8)
  3 white imps
  A worm (D:2)
  3 dart slugs
  29 orcs
  5 ball pythons
  4 bats
  4 endoplasms
  2 giant cockroaches (D:1)
  5 goblins
  11 hobgoblins
  A quokka (D:3)
  2 frilled lizards (D:3)
  5 kobolds
  2 rats (D:1)
121 creatures vanquished.

Vanquished Creatures (others)
  A hornet (D:8)
  Menkaure (D:4)
  An orc warrior (D:6)
  A centaur (D:6)
  A killer bee (D:9)
  2 hounds (Bailey)
  An orc wizard (D:9)
  Robin (D:4)
  A gnoll (Bailey)
  2 orcs (D:6)
  A hobgoblin (D:4)
13 creatures vanquished.

Grand Total: 214 creatures vanquished

Notes
Turn   | Place    | Note
-------+----------+-------------------------------------------
     0 | D:1      | night the Tengu Summoner began the quest for the Orb.
     0 | D:1      | Reached XP level 1. HP: 10/10 MP: 4/4
    63 | D:1      | Reached XP level 2. HP: 16/16 MP: 3/6
   100 | D:1      | Reached skill level 5 in Summonings
   226 | D:1      | Reached skill level 1 in Fighting
   284 | D:1      | Learned a level 2 spell: Call Imp
   373 | D:1      | Reached XP level 3. HP: 20/20 MP: 5/7
   692 | D:1      | Learned a level 3 spell: Call Canine Familiar
  1104 | D:2      | Reached XP level 4. HP: 25/25 MP: 8/8
  1159 | D:2      | Noticed a nameless horror
  1165 | D:2      | Killed a nameless horror
  1680 | D:3      | HP: 3/26 [orc priest/divine providence (14)]
  1787 | D:3      | Reached skill level 2 in Fighting
  1911 | D:3      | Identified a scroll of acquirement
  1912 | D:3      | Acquired the +3 buckler of Birdsong {rCorr Int+3 Stlth-}
  2000 | D:3      | Reached XP level 5. HP: 30/30 MP: 10/10
  2005 | D:3      | Learned a level 3 spell: Summon Guardian Golem
  2120 | D:3      | Found Feorphux's Weapon Boutique.
  2204 | D:3      | Found a burning altar of Makhleb.
  2209 | D:3      | Became a worshipper of Makhleb the Destroyer
  2282 | D:3      | Found a sparkling altar of Nemelex Xobeh.
  2658 | D:4      | Noticed Menkaure
  2754 | D:3      | Reached skill level 6 in Summonings
  2754 | D:3      | Reached XP level 6. HP: 22/36 MP: 7/11
  2826 | D:4      | Noticed Blork the orc
  2826 | D:4      | Found Nacs's Antique Weapon Boutique.
  3023 | D:4      | Killed Menkaure
  3057 | D:4      | Noticed Ijyb
  3127 | D:4      | Killed Ijyb
  3128 | D:4      | Gained mutation: Your magical flight helps you evade
                  | attacks. (EV +4) [Tengu growth]
  3128 | D:4      | Reached XP level 7. HP: 41/41 MP: 7/13
  3633 | D:4      | Killed Blork the orc
  3633 | D:4      | Reached * piety under Makhleb
  3641 | D:4      | Noticed Robin
  3650 | D:4      | Killed Robin
  3665 | D:4      | Bought a runed trident for 169 gold pieces
  3745 | D:5      | Entered Level 5 of the Dungeon
  3850 | D:5      | Reached skill level 5 in Dodging
  3850 | D:5      | Reached skill level 7 in Summonings
  3936 | D:5      | Reached XP level 8. HP: 38/48 MP: 13/15
  4234 | D:5      | Reached ** piety under Makhleb
  4235 | D:5      | Reached skill level 5 in Spellcasting
  4400 | D:5      | Reached skill level 5 in Fighting
  4442 | D:5      | Found a hazy altar of Hepliaklqana.
  4494 | D:6      | Reached skill level 8 in Summonings
  4499 | D:6      | Learned a level 4 spell: Summon Lightning Spire
  4773 | D:6      | Reached skill level 1 in Air Magic
  4773 | D:6      | Reached XP level 9. HP: 20/54 MP: 16/18
  4980 | D:6      | Found a sacrificial altar of Ru.
  5166 | D:6      | Reached skill level 1 in Hexes
  5166 | D:6      | Reached skill level 2 in Air Magic
  5615 | D:7      | Found a broken altar of Ashenzari.
  5794 | D:7      | Found a staircase to the Ecumenical Temple.
  5803 | Temple   | Entered the Ecumenical Temple
  6296 | D:8      | Reached *** piety under Makhleb
  6383 | D:8      | Noticed a hornet
  6395 | D:8      | Killed a hornet
  6396 | D:8      | Reached skill level 1 in Polearms
  6396 | D:8      | Reached skill level 1 in Shields
  6617 | D:8      | Reached skill level 2 in Polearms
  6679 | D:8      | Found a stormy altar of Qazlal.
  6899 | D:9      | Noticed a troll
  6910 | D:9      | Reached skill level 2 in Shields
  6936 | D:9      | Reached skill level 1 in Invocations
  6944 | D:9      | Found a flagged portal.
  6946 | D:9      | HP: 7/56 [orc/+0 spear (3)]
  6947 | D:9      | HP: 1/56 [orc/+0 spear (4)]
  6962 | Bailey   | Entered a bailey
  6976 | Bailey   | Reached XP level 10. HP: 17/61 MP: 18/20
  6977 | Bailey   | Engulfed by their own flame

Illustrated notes

Levels and vault maps discovered:
D:1:      roderic_chinese_lattice_arrival, layout_loops_ring,
          minmay_strange_pillars, nicolae_figureground_sparkle
D:2:      layout_loops_ring, kennysheep_pointless_box, reono_crystal_passage,
          chequers_serial_rivers_micro_b, minmay_misc_feat_encased
D:3:      layout_basic, nemelex_dance_club_becter, lightli_temple_of_fire,
          serial_shops, nicolae_shop_hallway_stairs
D:4:      layout_basic, serial_shops, shop_fountains, uniq_robin,
          uniq_blork_the_orc, uniq_ijyb, uniq_menkaure
D:5:      layout_basic, nicolae_hepliaklqana_monster_ancestors,
          bh_walls_and_bars
D:6:      layout_loops_ring, nicolae_ru_path_of_blood, gup_sewer_entry_pipe
D:7:      layout_gridville, cheibrodos_ashenzari_chains, temple_green,
          grunt_ministairs_15
D:8:      layout_rooms, mainiacjoe_overflow_cross_hatched
D:9:      layout_big_octagon, nicolae_overflow_crystal_walls,
          lemuel_coloured_pillars_altar, xom_confusion_cloud,
          lemuel_doored_altar, tso_oasis_becter, nicolae_uskayaw_en_pointe,
          enter_bailey_4, uniq_gastronok
Temple:   nicolae_temple_superstar
Bailey:   bailey_polearm_gnolls_kennysheep, bailey

Skill      XL: |  1  2  3  4  5  6  7  8  9 |
---------------+----------------------------+-----
Summonings     | 5 6 7 8 |  8.7
Fighting       | 1 2 3 4 5 6 |  6.4
Dodging        | 3 4 5 6 7 |  7.4
Spellcasting   | 3 4 5 6 |  6.3
Air Magic      | 1 2 |  2.0
Hexes          | 1 |  1.0
Polearms       | 2 |  2.6
Shields        | 2 |  2.3
Invocations    | 1 |  1.1
Stealth        | |  2.0

Action                     |  1- 3 |  4- 6 |  7- 9 | 10-12 || total
---------------------------+-------+-------+-------+-------++-------
  Melee: Unarmed           |    30 |       |       |       ||    30
         Peck              |     6 |     5 |    33 |       ||    44
         Kick              |     6 |    13 |    65 |       ||    84
         Dagger            |    16 |    28 |    12 |       ||    56
         Trident           |       |       |   198 |       ||   198
   Cast: Summon Small Mamm |    26 |    14 |    26 |       ||    66
         Call Imp          |     8 |    16 |    29 |       ||    53
         Call Canine Famil |     3 |    16 |    35 |       ||    54
         Summon Guardian G |       |     6 |    16 |       ||    22
 Invoke: Lesser Servant of |       |       |     1 |       ||     1
    Use: Scroll            |     3 |     5 |    10 |       ||    18
         Potion            |       |       |     1 |       ||     1
   Stab: Sleeping          |     2 |     1 |       |       ||     3
         Distracted        |       |       |     3 |       ||     3
 Armour: Robe              |    29 |    30 |    82 |     1 ||   142
  Dodge: Dodged            |    56 |    56 |   179 |       ||   291
  Block: Buckler           |       |    12 |    76 |       ||    88

Table legend: (Time is in decaauts)
 A = Elapsed time spent in this place.
 B = Non-inter-level travel time spent in this place.
 C = Inter-level travel time spent in this place.
 D = Time resting spent in this place.
 E = Time spent auto-exploring this place.
 F = Levels seen in this place.
 G = Mean time per level.
                   A        B        C        D        E       F      G
               +--------+--------+--------+--------+--------+-----+--------+
         Total |   7057 |   6788 |    269 |    904 |   4135 |  11 |  641.5 |
       Dungeon |   7041 |   6772 |    269 |    904 |   4135 |   9 |  782.3 |
        Temple |      1 |      1 |      0 |      0 |      0 |   1 |    1.0 |
        Bailey |     14 |     14 |      0 |      0 |      0 |   1 |   14.0 |
               +--------+--------+--------+--------+--------+-----+--------+

Top non-repeatable levels by time:
     D:3: 1215 daAuts
     D:6: 1026 daAuts
     D:7: 911 daAuts
     D:1: 890 daAuts
     D:2: 850 daAuts
     D:4: 797 daAuts
     D:5: 759 daAuts
     D:8: 503 daAuts
     D:9: 85 daAuts
  Bailey: 14 daAuts
  Temple: 1 daAuts
